 Dungeon Crawl Stone Soup version 0.25-a0-1133-g93ebf73 (webtiles) character file.

Game seed: 6873685232554791280, levelgen mode: deterministic

329 Lindan9 the Slasher (level 6, -1/51 HPs)
             Began as a Minotaur Gladiator on May 22, 2020.
             Slain by Pikel
             ... wielding a +0 whip of flaming
              (6 damage)
             ... on level 4 of the Dungeon.
             The game lasted 00:09:13 (3164 turns).

Lindan9 the Slasher (Minotaur Gladiator)            Turns: 3164, Time: 00:09:14

Health: -1/51      AC:  9    Str: 20    XL:     6   Next: 25%
Magic:  14/14      EV:  9    Int:  5    God:
Gold:   39         SH:  0    Dex: 12    Spells: 5/5 levels left

rFire    . . .     SeeInvis .   m - +1 mace (curse)
rCold    . . .     Gourm    .   (no shield)
rNeg     . . .     Faith    .   u - +0 chain mail
rPois    +         Spirit   .   c - +0 hat
rElec    .         Reflect  .   (no cloak)
rCorr    .         Harm     .   (no gloves)
MR       .....                  (no boots)
Stlth    ..........             (no amulet)
HPRegen  0.17/turn              h - ring of magical power (curse)
MPRegen  0.14/turn              o - ring of poison resistance

@: no status effects
A: retaliatory headbutt, horns 2
a: no special abilities


You were on level 4 of the Dungeon.
You were not hungry.

You visited 1 branch of the dungeon, and saw 4 of its levels.

You collected 159 gold pieces.
You spent 120 gold pieces at shops.

Inventory:

Hand Weapons
 a - a +0 long sword
 m - a cursed +1 mace (weapon)
Missiles
 d - 3 throwing nets (quivered)
Armour
 c - a +0 hat (worn)
 u - a +0 chain mail (worn)
Jewellery
 h - a cursed ring of magical power (left hand)
 n - an uncursed ring of see invisible
 o - a ring of poison resistance (right hand)
 q - a +4 ring of protection
Wands
 t - a wand of acid (7)
Scrolls
 v - a scroll of teleportation
Potions
 b - a potion of degeneration {unknown}
 e - 2 potions of experience {unknown}
 j - 2 potions of flight {unknown}
 k - a potion of haste {unknown}
 l - a potion of ambrosia {unknown}
 p - 4 potions of berserk rage {unknown}
 r - a potion of brilliance {unknown}
Comestibles
 f - 8 rations
 g - 3 chunks of flesh


   Skills:
 + Level 3.3 Fighting
 + Level 5.0 Long Blades
 + Level 4.0 Maces & Flails
 + Level 2.0 Throwing
 + Level 2.8 Armour
 + Level 4.5 Dodging
 + Level 0.2 Stealth


You had 5 spell levels left.
You didn't know any spells.
Your spell library was empty.

Dungeon Overview and Level Annotations

Branches:
Dungeon (4/15)
 Temple: D:4-7

Altars:
Cheibriados
Wu Jian

Shops:
D:4 %

Annotations:
D:4 Pikel


Innate Abilities, Weirdness & Mutations

You reflexively headbutt those who attack you in melee.
You have a pair of horns on your head.


Message History

The slave hits you. The slave barely misses you. You furiously retaliate!
You headbutt the slave. The slave hits you. The slave barely misses you.
Pikel hits you with a +0 whip of flaming.
Pikel burns you.
You sock Pikel!
Pikel is moderately wounded.
The slave hits you but does no damage. The slave hits you.
* * * LOW HITPOINT WARNING * * *
The slave hits you but does no damage. The slave hits you.
* * * LOW HITPOINT WARNING * * *
Pikel closely misses you.
You closely miss Pikel. You headbutt Pikel, but do no damage.
Pikel is moderately wounded.
The slave hits you.
* * * LOW HITPOINT WARNING * * *
The slave hits you but does no damage. The slave hits you.
* * * LOW HITPOINT WARNING * * *
The slave barely misses you.
Pikel hits you with a +0 whip of flaming.
You die...

*,,,,,,,*#.. **,,,,,,,#..
*,,,,,,,+.. ******,,*##*#..
*,,,****##.##..
************######,,,,* #......
*,,*,,,**,,##....##,,,* #......
*,,,,,,,<,,#......#,,,* #......
*,,,,,,,,,,+..p@p.#,,,* #......
*,,,,,,,,,,#..ppK.#,,****###....
***+**,,**,*##..S.##,,**..###....
,,,,**,,**,**#....#*,,,,.........
,,,,,,,,,,,,+......,,,,,.......†.
,,,,,,******#.......,,,,.........
***,***≈≈≈≈*####+###,,**...######
**,***≈≈≈≈≈≈***,,,**,,**...*##...
,,,,,,≈≈,,,,,,,,,,,*,,,*..,,#....


You could see Pikel, 4 slaves and an adder.

Vanquished Creatures
  A bullfrog (D:4)
  A scorpion (D:4)
  A jelly (D:4)
  A hound (D:4)
  A worker ant (D:4)
  4 adders
  A worm (D:2)
  5 dart slugs
  A leopard gecko (D:1)
  10 orcs
  4 giant cockroaches
  5 goblins
  7 hobgoblins
  2 jackals (D:1)
  9 kobolds
  A quokka (D:2)
  10 bats
  5 frilled lizards
  7 rats
76 creatures vanquished.

Notes
Turn   | Place    | Note
-------+----------+-------------------------------------------
     0 | D:1      | Lindan9 the Minotaur Gladiator began the quest for the Orb.
     0 | D:1      | Reached XP level 1. HP: 18/18 MP: 0/0
    61 | D:1      | Reached skill level 4 in Long Blades
    68 | D:1      | Reached XP level 2. HP: 19/25 MP: 1/1
   771 | D:1      | Reached XP level 3. HP: 29/30 MP: 2/2
  1199 | D:2      | Reached skill level 1 in Armour
  1517 | D:3      | Reached XP level 4. HP: 37/37 MP: 3/3
  1846 | D:3      | Reached skill level 1 in Maces & Flails
  1941 | D:3      | Reached skill level 5 in Long Blades
  2209 | D:3      | Found a snail-covered altar of Cheibriados.
  2525 | D:4      | Noticed a bullfrog
  2535 | D:4      | Killed a bullfrog
  2535 | D:4      | Reached XP level 5. HP: 33/45 MP: 4/4
  2839 | D:4      | Found an ornate altar of the Wu Jian Council.
  2873 | D:4      | Reached XP level 6. HP: 44/51 MP: 5/5
  3100 | D:4      | Found Ucrooh's Food Boutique.
  3106 | D:4      | Bought a ration for 60 gold pieces
  3106 | D:4      | Bought a ration for 60 gold pieces
  3155 | D:4      | Noticed Pikel
  3155 | D:4      | Noticed a slave
  3155 | D:4      | Noticed a slave
  3155 | D:4      | Noticed a slave
  3156 | D:4      | Noticed a slave
  3164 | D:4      | Slain by Pikel

Illustrated notes

Levels and vault maps discovered:
D:1:      sevenhm_arrival_forest_fort_small_6, layout_basic
D:2:      layout_rooms
D:3:      wander_river, layout_loops_ring, nicolae_overflow_hidden_temple,
          serial_rivers, chequers_serial_rivers_small_a,
          chequers_serial_rivers_large_a, chequers_serial_rivers_small_3,
          chequers_serial_rivers_micro_d, chequers_serial_rivers_micro_b
D:4:      cheibrodos_helix_gallery, layout_gridville, lemuel_doored_altar,
          first_ration, serial_shops, kennysheep_mini, uniq_pikel

Skill      XL: |  1  2  3  4  5  6 |
---------------+-------------------+-----
Long Blades    | 4 5 |  5.0
Armour         | 1 2 |  2.8
Dodging        | 4 |  4.5
Maces & Flails | 2 3 4 |  4.0
Fighting       | 3 |  3.3
Throwing       | |  2.0
Stealth        | |  0.2

Action                   |  1- 3 |  4- 6 || total
-------------------------+-------+-------++-------
Melee: Long sword        |    43 |       ||    43
       Headbutt          |    11 |    15 ||    26
       Mace              |    31 |    92 ||   123
  Use: Scroll            |     5 |     3 ||     8
  Eat: Chunk             |     2 |     3 ||     5
       Ration            |       |     1 ||     1
Armor: Leather armour    |     7 |       ||     7
       Ring mail         |    30 |    21 ||    51
       Chain mail        |       |    38 ||    38
Dodge: Dodged            |    76 |    69 ||   145
       Rpst.: Long sword |     5 |       ||     5

Table legend:
 A = Non-vault XP
 B = Vault XP
 C = Vault XP percentage of total XP
 D = Non-vault monster count
 E = Vault monster count
 F = Vault count percentage of total count
                 A         B        C        D         E       F
            +---------+---------+-------+---------+---------+-------
      Total |     470 |       0 |   0.0 |      76 |       0 |   0.0
            +---------+---------+-------+---------+---------+-------
        D:1 |      43 |       0 |   0.0 |      24 |       0 |   0.0
        D:2 |      41 |       0 |   0.0 |      19 |       0 |   0.0
        D:3 |      69 |       0 |   0.0 |      19 |       0 |   0.0
        D:4 |     317 |       0 |   0.0 |      14 |       0 |   0.0
            +---------+---------+-------+---------+---------+-------
